 Dungeon Crawl Stone Soup version 0.22.1-5-g62c59d919a (webtiles) character file.

158 Riddle the Charmwright (level 5, -1/27 HPs)
             Began as a Vine Stalker Skald on Jan 15, 2019.
             Slain by an orc
             ... wielding a +0 flail
              (2 damage)
             ... on level 3 of the Dungeon.
             The game lasted 00:04:55 (2770 turns).

Riddle the Charmwright (Vine Stalker Skald)         Turns: 2770, Time: 00:04:55

Health: -1/27      AC:  4    Str:  8    XL:     5   Next: 39%
Magic:  0/10       EV: 11    Int: 13    God:
Gold:   136        SH:  0    Dex: 14    Spells: 6/10 levels left

rFire    . . .     SeeInvis .   i - +0 long sword
rCold    . . .     Gourm    .   (no shield)
rNeg     . . .     Faith    .   b - +1 leather armour
rPois    .         Spirit   +   (no helmet)
rElec    .         Reflect  .   (no cloak)
rCorr    .         Harm     .   (no gloves)
MR       .....                  (no boots)
Stlth    +.........             (no amulet)
HPRegen  0.49/turn              l - -6 ring of strength (curse)
MPRegen  0.12/turn              (no ring)

@: infused (expiring), slowed, very slow
A: fangs 2, regeneration 1, magic shield, antimagic bite, no potion heal 3, rot
immunity
a: no special abilities


You were on level 3 of the Dungeon.
You were not hungry.

You visited 1 branch of the dungeon, and saw 3 of its levels.

You collected 136 gold pieces.

Inventory:

Hand Weapons
 i - a +0 long sword (weapon)
Armour
 b - a +1 leather armour (worn)
Jewellery
 l - a cursed -6 ring of strength (left hand)
Scrolls
 a - a scroll of enchant armour
 e - a scroll of magic mapping
 k - a scroll of random uselessness {unknown}
Potions
 f - a potion of magic {unknown}
 g - 3 potions of degeneration {unknown}
 h - a potion of brilliance {unknown}
 j - a potion of ambrosia {unknown}
Comestibles
 d - 4 rations


   Skills:
 - Level 2.6 Fighting
 - Level 2.4 Long Blades
 - Level 0.9 Armour
 - Level 1.6 Dodging
 - Level 0.1 Stealth
 - Level 3.0 Spellcasting
 - Level 3.2 Charms
 * Level 2.9 Necromancy


You had 6 spell levels left.
You knew the following spells:

 Your Spells              Type           Power        Failure   Level  Hunger
a - Infusion              Chrm           ##..         9%          1    #......
b - Regeneration          Chrm/Necr      #.........   26%         3    ###....

Your spell library contained the following spells:

 Spells                   Type           Power        Failure   Level  Hunger
 Song of Slaying          Chrm           ##......     13%         2    ###....
 Shroud of Golubria       Chrm/Tloc      #.........   26%         2    ###....
 Spectral Weapon          Hex/Chrm       #.......     45%         3    ###....


Dungeon Overview and Level Annotations

Branches:
Dungeon (3/15)

Altars:
Gozag


Innate Abilities, Weirdness & Mutations

You have extremely sharp teeth.
Your natural rate of healing is unusually fast.
When hurt, damage is shared between your health and your magic reserves.
Your bite disrupts and absorbs the magic of your enemies.
Potions cannot restore your health.
You are immune to rotting.


Message History

You completely miss Natasha.
Natasha is moderately wounded.
Natasha claws you.
* * * LOW HITPOINT WARNING * * *
Natasha claws you!
* * * LOW HITPOINT WARNING * * *
You hit Natasha.
Natasha is heavily wounded.
Natasha casts a spell at you.
You feel yourself slow down.
You slash Natasha!
You kill Natasha!
Natasha screams in pain as she dies!
All of the chunks of flesh in your inventory have rotted away.
Your magical infusion is running out.
You barely miss the orc. You bite the orc, but do no damage.
The orc hits you with a flail.
* * * LOW HITPOINT WARNING * * *
The orc hits you with a flail.
You die...

## #.. #.#
######
#.###......
#........#
#......>.#
#........#.
#oo@.......
#.###'#.###
#)###.#.# .
#....o..# ...
..## #.......#
.. ...
#.......#.. ..
#..
#...?.......##.
#..
#...........+...
#.. #...........
#.###..


You could see 2 orcs.

Vanquished Creatures
  An orc priest (D:3)
  Natasha (D:3)
  An adder (D:2)
  2 oozes
  4 worms
  2 leopard geckos
  7 orcs (D:3)
  5 giant cockroaches
  9 goblins
  8 hobgoblins
  2 jackals (D:2)
  5 kobolds
  A quokka (D:3)
  A ball python (D:1)
  4 bats
  3 frilled lizards
  8 rats
64 creatures vanquished.

Notes
Turn   | Place    | Note
-------+----------+-------------------------------------------
     0 | D:1      | Riddle the Vine Stalker Skald began the quest for the Orb.
     0 | D:1      | Reached XP level 1. HP: 11/11 MP: 4/4
    83 | D:1      | Reached XP level 2. HP: 9/15 MP: 2/6
   721 | D:2      | Reached XP level 3. HP: 15/19 MP: 5/8
   733 | D:2      | Learned a level 3 spell: Regeneration
  1069 | D:2      | Reached skill level 1 in Necromancy
  1797 | D:2      | Found an opulent altar of Gozag.
  1824 | D:2      | Gained mutation: Your natural rate of healing is unusually
                  | fast. [Vine Stalker growth]
  1824 | D:2      | Reached XP level 4. HP: 23/23 MP: 9/9
  2386 | D:3      | Reached XP level 5. HP: 22/27 MP: 8/10
  2750 | D:3      | Noticed Natasha
  2767 | D:3      | Killed Natasha
  2770 | D:3      | HP: 1/27 [orc/flail (5)]
  2770 | D:3      | Slain by an orc

Skill      XL: |  1  2  3  4 |
---------------+-------------+-----
Fighting       | 2 |  2.6
Spellcasting   | 3 |  3.0
Necromancy     | 2 |  2.9
Long Blades    | 2 |  2.4
Armour         | |  0.9
Dodging        | |  1.6
Stealth        | |  0.1
Charms         | |  3.2

Action                   |  1- 3 |  4- 6 || total
-------------------------+-------+-------++-------
Melee: Falchion          |    57 |       ||    57
       Bite              |    27 |    24 ||    51
       Long sword        |    37 |    92 ||   129
 Cast: Infusion          |     6 |     3 ||     9
       Regeneration      |       |     1 ||     1
  Use: Scroll            |       |     4 ||     4
 Stab: Sleeping          |     1 |       ||     1
  Eat: Chunk             |     3 |     3 ||     6
Armor: Leather armour    |    30 |    26 ||    56
Dodge: Dodged            |    57 |    55 ||   112
       Rpst.: Falchion   |     8 |       ||     8
       Long sword        |    11 |    15 ||    26
